 Dungeon Crawl Stone Soup version 0.30-b1-2-g02819fbbbe (webtiles) character file.

Game seed: 15475489675214058193

77 Mesmaeker13 the Conjurer (level 3, 0/30 HPs)
             Began as a Demigod Reaver on July 16, 2023.
             Slain by an adder (4 damage)
             ... on level 3 of the Dungeon.
             The game lasted 00:03:34 (2040 turns).

Mesmaeker13 the Conjurer (Demigod Reaver)           Turns: 2040, Time: 00:03:34

Health: 0/30       AC:  3    Str: 13    XL:     3   Next: 92%
Magic:  9/9        EV: 12    Int: 25    God:
Gold:   130        SH:  0    Dex: 12    Spells: 2/6 levels left

rFire   . . .        a - +0 falchion
rCold   . . .        (no shield)
rNeg    . . .        b - +0 leather armour
rPois   .            (no helmet)
rElec   .            (no cloak)
rCorr   .            (no gloves)
SInv    .            (no boots)
Will    .....        (no amulet)
Stlth   +            f - +6 ring of intelligence
HPRegen 0.25/turn    (no ring)
MPRegen 0.11/turn

%: no passive effects
@: lethally poisoned (0 -> -3)
A: high MP 1, forlorn, divine attributes
a: no special abilities


You were on level 3 of the Dungeon.
You visited 1 branch of the dungeon, and saw 3 of its levels.

You collected 130 gold pieces.

Inventory:

Hand Weapons
 a - a +0 falchion (weapon)
Missiles
 m - 3 boomerangs
 n - 5 poisoned darts
Armour
 b - a +0 leather armour (worn)
Jewellery
 f - a +6 ring of intelligence (left hand)
Scrolls
 d - a scroll of blinking {unknown}
 g - a scroll of noise {unknown}
 k - a scroll of identify {unknown}
 l - a scroll of teleportation {unknown}
Potions
 c - a potion of flight
 e - 2 potions of cancellation {unknown}
 h - a potion of attraction {unknown}
 i - a potion of brilliance {unknown}
 j - a potion of berserk rage {unknown}


   Skills:
 + Level 2.5 Fighting
 - Level 2.6 Long Blades
 + Level 2.5 Dodging
 + Level 2.4 Spellcasting
 - Level 3.0 Conjurations
 + Level 0.7 Hexes


You had 2 spell levels left.
You knew the following spells:

 Your Spells              Type           Power      Damage    Failure   Level
a - Kiss of Death         Conj/Necr      40%        2d8       8%          1
b - Confusing Touch       Hex            6%         N/A       30%         3

Your spell library contained the following spells:

 Spells                   Type           Power      Damage    Failure   Level
 Slow                     Hex            24%        N/A       10%         1
 Momentum Strike          Conj/Tloc      20%        3d8       11%         2
 Lesser Beckoning         Tloc           6%         N/A       21%         2
 Hailstorm                Conj/Ice       10%        3d5       22%         3
 Gell's Gravitas          Tloc           3%         N/A       38%         3
 Teleport Other           Tloc           3%         N/A       38%         3
 Vampiric Draining        Necr           3%         2d6       38%         3


Dungeon Overview and Level Annotations

Branches:
Dungeon (3/15)

Annotations:
D:2 Sigmund


Innate Abilities, Weirdness & Mutations

You have an increased reservoir of magic. (+10% MP)
You shall have no god before yourself.
Your divine heritage dramatically boosts your attributes as you level up.


Message History

You kill the jackal!
Things that are here:
a jackal corpse; a jackal corpse
Found 5 poisoned darts.
You see here 5 poisoned darts.
n - 5 poisoned darts An adder comes into view.
The adder hisses angrily.
The adder bites you.
You closely miss the adder. Your punch misses the adder. The adder misses you.
The adder bites you.
You closely miss the adder. The adder barely misses you.
You hit the adder but do no damage. The adder bites you.
The adder barely misses you.
You closely miss the adder. The adder closely misses you.
You closely miss the adder. The adder barely misses you. The adder bites you.
You barely miss the adder. The adder bites you.
You hit the adder but do no damage. The adder misses you. The adder bites you.
You are poisoned.
The adder poisons you!
You miss the adder.
You feel sick. The adder closely misses you. x2
You are too injured to fight recklessly!
You are too injured to fight recklessly!
You closely miss the adder. You punch the adder.
The adder is moderately wounded.
You feel sick. The adder bites you.
You are more poisoned.
The adder poisons you!
You barely miss the adder.
The adder is moderately wounded.
You feel sick. The adder misses you.
You closely miss the adder.
The adder is moderately wounded.
You feel sick. The adder misses you. The adder bites you.
* * * LOW HITPOINT WARNING * * *
You hit the adder.
The adder is heavily wounded.
* * * LOW HITPOINT WARNING * * *
You feel sick. The adder bites you but does no damage. The adder bites you.
You die...

#..## ....# #...#
....#######
..........#
....#####.#
....#####.#
..........#
#######.#
..#.##.#..#
#.@S....#
..#.##.#..#
#.#######
..#.##.#..# #.#
..).......# #.#
.##†##.#.######.#
.##.##.#........#
.......##########
....#### #####


You could see an adder.

Vanquished Creatures
  2 adders
  A dart slug (D:3)
  2 orcs (D:3)
  5 ball pythons
  6 endoplasms
  A giant cockroach (D:1)
  3 goblins
  3 hobgoblins
  10 jackals (D:3)
  3 kobolds
  A quokka (D:3)
  6 bats
  4 frilled lizards
  3 rats
50 creatures vanquished.

Notes
Turn   | Place    | Note
-------+----------+-------------------------------------------
     0 | D:1      | Mesmaeker13 the Demigod Reaver began the quest for the Orb.
     0 | D:1      | Reached XP level 1. HP: 17/17 MP: 5/5
   290 | D:1      | Reached XP level 2. HP: 24/24 MP: 7/7
   720 | D:2      | Reached skill level 3 in Conjurations
   899 | D:2      | Reached XP level 3. HP: 26/29 MP: 8/8
   903 | D:2      | Learned a level 3 spell: Confusing Touch
  1030 | D:2      | Noticed Sigmund
  2040 | D:3      | Slain by an adder

Illustrated notes

Levels and vault maps discovered:
D:1:      psy_arrival_whirlpool, layout_loops_ring
D:2:      layout_loops_ring, serial_shops, nicolae_shop_back_alley_shop,
          uniq_sigmund
D:3:      layout_loops_ring, nemelex_diamond_rough_becter, tgw_sif,
          mainiacjoe_overflow_six_doors_small

Skill      XL: |  1  2 |
---------------+-------+-----
Dodging        | 2 |  2.5
Fighting       | 2 |  2.5
Spellcasting   | 2 |  2.4
Conjurations   | 3 |  3.0
Long Blades    | |  2.6
Hexes          | |  0.7

Action                     || total
---------------------------++-------
  Melee: Falchion          ||   171
         Punch             ||     3
    Use: Potion            ||     2
   Stab: Sleeping          ||     1
 Armour: Leather armour    ||    39
  Dodge: Dodged            ||   140
